 Dungeon Crawl Stone Soup version 0.25-a0-591-g2ad0d861f1 (webtiles) character file.

Game seed: 1270955311827189910, levelgen mode: deterministic

5 Gargoyl the Skirmisher (level 1, -1/19 HPs)
             Began as a Centaur Abyssal Knight on Mar 14, 2020.
             Was a Follower of Lugonu.
             Slain by a chaos spawn (6 damage)
             ... on level 2 of the Abyss.
             The game lasted 00:00:22 (124 turns).

Gargoyl the Skirmisher (Centaur Abyssal Knight)      Turns: 124, Time: 00:00:23

Health: -1/19      AC:  4    Str: 14    XL:     1   Next: 66%
Magic:  2/2        EV:  9    Int: 11    God:    Lugonu [*.....]
Gold:   48         SH:  0    Dex:  8    Spells: 0/0 levels left

rFire    . . .     SeeInvis .   a - +1 hand axe
rCold    . . .     Gourm    .   (no shield)
rNeg     . . .     Faith    .   b - +0 leather armour
rPois    .         Spirit   .   (no helmet)
rElec    .         Reflect  .   (no cloak)
rCorr    .         Harm     .   (no gloves)
MR       .....                  (no barding)
Stlth    ..........             (no amulet)
HPRegen  0.06/turn              (no ring)
MPRegen  0.08/turn              (no ring)

@: confused, very quick
A: large, hooves 3, deformed body, speed 2, tough skin 3
a: Depart the Abyss, Renounce Religion


You were on level 2 of the Abyss.
You worshipped Lugonu.
Lugonu was aware of your devotion.
You were not hungry.

You visited 0 branches of the dungeon, and saw 0 of its levels.
You visited the Abyss 1 time.

You collected 48 gold pieces.

Inventory:

Hand Weapons
 a - a +1 hand axe (weapon)
Armour
 b - a +0 leather armour (worn)
Comestibles
 c - 3 rations


   Skills:
 + Level 3.2 Fighting
 + Level 1.8 Axes
 + Level 1.4 Armour
 + Level 0.6 Dodging
 + Level 2.0 Invocations


You couldn't memorise any spells.
You didn't know any spells.
Your spell library was empty.

Dungeon Overview and Level Annotations

Branches:
Dungeon (0/15)

Altars:


Innate Abilities, Weirdness & Mutations

You have hooves in place of feet.
Armour fits poorly on your strangely shaped body.
You cover ground very quickly.
You have extremely tough skin. (AC +3)


Message History

Found a crystal ball of energy.
Found a glowing mace.
c - 3 rations (gained 1)
Found an opulent altar of Gozag.
A small abomination comes into view.
A glowing orange brain comes into view.
The glowing orange brain turns its attention towards you.
Found 30 stones.
A chaos spawn comes into view.
You see here 14 gold pieces.
You now have 48 gold pieces (gained 14).
The glowing orange brain pulsates.
You are confused.
You bump into the stone wall.
A small abomination comes into view.
The glowing orange brain blinks!
You're too confused to move!
The chaos spawn hits you.
* * * LOW HITPOINT WARNING * * *
The chaos spawn shocks you.
You die...

.. .. ## # .# .# .. .
##. #.#. .. .. #. #
..####. # .. #### #.
#..#(. .... # ###...#
....#. ...
.##.##.....#..#.# ..#
#.... # ....###4##..##..
# .#.#. #....@.......
#....##. #....#.........
.#.##...#.#...#.##..##..
##. # #...G_.##.# ..#
##...###...#.###. ... .
.#. ##.##.. . .... . .#
# ##....# ## ##.. #.#.
..## .. #..# #..


You could see a chaos spawn.

Vanquished Creatures
  An ufetubus (Abyss:1)
1 creature vanquished.

Notes
Turn   | Place    | Note
-------+----------+-------------------------------------------
     0 | Abyss:1  | Gargoyl the Centaur Abyssal Knight began the quest for the
                  | Orb.
     0 | Abyss:1  | Reached XP level 1. HP: 19/19 MP: 2/2
    49 | Abyss:1  | Noticed a tormentor
   106 | Abyss:2  | Found an opulent altar of Gozag.
   114 | Abyss:2  | Noticed a small abomination
   116 | Abyss:2  | Noticed a glowing orange brain
   117 | Abyss:2  | Noticed a chaos spawn
   121 | Abyss:2  | Noticed a small abomination
   124 | Abyss:2  | Slain by a chaos spawn

Levels and vault maps discovered:
Abyss:2

Action                   || total
-------------------------++-------
Melee: Hand axe          ||     5
       Kick              ||     2
  Use: Scroll            ||     1
Dodge: Dodged            ||     8

Table legend:
 A = Non-vault XP
 B = Vault XP
 C = Vault XP percentage of total XP
 D = Non-vault monster count
 E = Vault monster count
 F = Vault count percentage of total count
                 A         B        C        D         E       F
            +---------+---------+-------+---------+---------+-------
      Total |       8 |       0 |   0.0 |       1 |       0 |   0.0
            +---------+---------+-------+---------+---------+-------
    Abyss:1 |       8 |       0 |   0.0 |       1 |       0 |   0.0
            +---------+---------+-------+---------+---------+-------
